 Dungeon Crawl Stone Soup version 0.28-a0-771-g91a516d0e7 (webtiles) character file.

Game seed: 6061205182630036867

143 notjohn the Chopper (level 5, -4/47 HPs)
             Began as a Minotaur Berserker on Nov 1, 2021.
             Was a Believer of Trog.
             Slain by an orc priest (5 damage)
             ... on level 3 of the Dungeon.
             The game lasted 00:03:52 (1815 turns).

notjohn the Chopper (Minotaur Berserker)            Turns: 1815, Time: 00:03:52

Health: -4/47      AC:  5    Str: 22    XL:     5   Next: 4%
Magic:  4/4        EV: 12    Int:  4    God:    Trog [**....]
Gold:   26         SH:  0    Dex: 10    Spells: 4/4 levels left

rFire   . . .      SeeInvis .   a - +0 hand axe
rCold   . . .      Faith    .   (no shield)
rNeg    . . .      Spirit   .   b - +0 animal skin
rPois   +          Reflect  .   (helmet restricted)
rElec   .          Harm     .   i - +2 cloak {rPois}
rCorr   .          Rampage  .   (no gloves)
Will    .....                   (no boots)
Stlth   +.........              (no amulet)
HPRegen 0.15/turn               (no ring)
MPRegen 0.09/turn               (no ring)

@: on berserk cooldown, slowed, very slow
A: horns 2, retaliatory headbutt
a: Renounce Religion, Berserk, Trog's Hand


You were on level 3 of the Dungeon.
You worshipped Trog.
Trog was pleased with you.
You visited 1 branch of the dungeon, and saw 3 of its levels.

You collected 26 gold pieces.

Inventory:

Hand Weapons
 a - a +0 hand axe (weapon)
Armour
 b - a +0 animal skin (worn)
 i - a +2 cloak of poison resistance (worn)
Scrolls
 c - 2 scrolls of amnesia {unknown}
 d - a scroll of magic mapping {unknown}
 f - a scroll of noise {unknown}
 g - a scroll of enchant armour {unknown}
Potions
 e - a potion of invisibility {unknown}
 h - a potion of mutation {unknown}


   Skills:
 + Level 4.5 Fighting
 * Level 5.9 Axes
 + Level 2.7 Armour
 + Level 2.8 Dodging


You had 4 spell levels left.
You didn't know any spells.
Your spell library was empty.

Dungeon Overview and Level Annotations

Branches:
Dungeon (3/15)

Altars:


Innate Abilities, Weirdness & Mutations

You have a pair of horns on your head.
You reflexively headbutt those who attack you in melee.


Message History

You feel yourself slow down.
The orc priest hits you but does no damage.
You barely miss the orc priest. Your headbutt misses the orc priest.
The orc priest is heavily wounded.
The orc priest hits you with a +0 hand axe.
* * * LOW HITPOINT WARNING * * *
You hit the orc priest.
The orc priest is heavily wounded.
The orc priest misses you. You furiously retaliate!
You headbutt the orc priest.
The orc priest miscasts a cantrip.
You closely miss the orc priest. Your headbutt misses the orc priest.
The orc priest is almost dead.
The orc priest looks encouraged for a moment.
The orc priest closely misses you.
You hit the orc priest but do no damage.
You headbutt the orc priest.
You kill the orc priest!
Trog accepts your kill.
You have reached level 5!
You hit the orc priest but do no damage.
The orc priest barely misses you. You furiously retaliate!
You headbutt the orc priest! The orc priest closely misses you.
You hit the orc priest but do no damage.
You headbutt the orc priest, but do no damage.
The orc priest is severely wounded.
The orc priest closely misses you.
You hit the orc priest but do no damage.
The orc priest is severely wounded.
The orc priest hits you with a +0 flail.
* * * LOW HITPOINT WARNING * * *
The orc priest looks encouraged for a moment.
You closely miss the orc priest.
The orc priest is severely wounded.
The orc priest hits you with a +0 flail!
* * * LOW HITPOINT WARNING * * *
You hit the orc priest.
The orc priest is almost dead.
The orc priest hits you with a +0 flail.
You die...

#.# #.# ##### #.# #.#
#####...# #.# #.#
........###<# #.#
.##.......#.###.#
#...........#.#
#.......#.#.#.#
####...###.#.#)##
...............#@########
.....#####......#o......######
...........................o..
............†.................
≈≈≈≈≈≈≈≈≈≈†..≈≈≈..≈.≈≈≈.≈≈.≈.≈
≈≈≈≈≈≈≈≈≈≈≈≈≈≈≈≈≈≈≈≈≈≈≈≈≈≈≈≈≈≈
≈≈≈≈≈≈≈≈≈≈≈≈≈≈≈≈≈≈≈≈≈≈≈≈≈≈≈
≈≈≈≈≈≈≈≈≈≈≈≈≈≈≈≈≈≈≈≈≈#####≈
######################


You could see an orc priest.

Vanquished Creatures
  2 orc priests (D:3)
  Crazy Yiuf (D:2)
  A worm (D:2)
  3 orcs
  5 ball pythons
  4 bats
  3 endoplasms
  A giant cockroach (D:2)
  7 goblins
  4 hobgoblins
  3 jackals (D:2)
  4 kobolds
  2 quokkas (D:1)
  5 frilled lizards
  3 rats (D:2)
48 creatures vanquished.

Notes
Turn   | Place    | Note
-------+----------+-------------------------------------------
     0 | D:1      | notjohn the Minotaur Berserker began the quest for the Orb.
     0 | D:1      | Reached XP level 1. HP: 19/19 MP: 0/0
   150 | D:1      | Reached skill level 4 in Axes
   173 | D:1      | Reached XP level 2. HP: 27/27 MP: 1/1
   464 | D:1      | Reached ** piety under Trog
   904 | D:2      | Reached XP level 3. HP: 33/33 MP: 2/2
  1233 | D:2      | Found a runed translucent door.
  1234 | D:2      | Noticed Crazy Yiuf
  1342 | D:2      | Reached skill level 5 in Axes
  1651 | D:2      | Killed Crazy Yiuf
  1652 | D:2      | Reached XP level 4. HP: 40/40 MP: 3/3
  1811 | D:3      | Reached XP level 5. HP: 12/47 MP: 4/4
  1814 | D:3      | HP: 1/47 [orc priest (8)]
  1815 | D:3      | Slain by an orc priest

Illustrated notes

Levels and vault maps discovered:
D:1:      dpeg_arrival_shelter, layout_loops_ring
D:2:      layout_rooms, minmay_puff, uniq_crazy_yiuf_cottage
D:3:      minmay_goblin_kobold_castle, layout_loops_ring, serial_shops,
          nicolae_lakefront_shop

Skill      XL: |  1  2  3 |
---------------+----------+-----
Axes           | 4 5 |  5.9
Fighting       | 4 |  4.5
Armour         | |  2.7
Dodging        | |  2.8

Action                   |  1- 3 |  4- 6 || total
-------------------------+-------+-------++-------
Melee: Hand axe          |    67 |    22 ||    89
       Headbutt          |     7 |     5 ||    12
Invok: Berserk           |     2 |     1 ||     3
Armor: Animal skin       |     3 |     3 ||     6
Dodge: Dodged            |    46 |    13 ||    59

Table legend: (Time is in decaauts)
 A = Elapsed time spent in this place.
 B = Non-inter-level travel time spent in this place.
 C = Inter-level travel time spent in this place.
 D = Time resting spent in this place.
 E = Time spent auto-exploring this place.
 F = Levels seen in this place.
 G = Mean time per level.
                   A        B        C        D        E       F      G
               +--------+--------+--------+--------+--------+-----+--------+
         Total |   1844 |   1781 |     63 |    154 |   1273 |   3 |  614.7 |
       Dungeon |   1844 |   1781 |     63 |    154 |   1273 |   3 |  614.7 |
               +--------+--------+--------+--------+--------+-----+--------+

Top non-repeatable levels by time:
     D:2: 1108 daAuts
     D:1: 667 daAuts
     D:3: 68 daAuts
